 Dungeon Crawl Stone Soup version 0.18-a0-1764-gf4ddf0b (webtiles) character file.

214 M4edhros the Ogre Mage (level 5, 0/60 HPs)
             Began as an Ogre Wanderer on Apr 13, 2016.
             Succumbed to M4edhros's ghost's sting
             ... on level 3 of the Dungeon.
             The game lasted 00:07:08 (3248 turns).

M4edhros the Ogre Mage (Ogre Wanderer)              Turns: 3248, Time: 00:07:09

Health: 0/60       AC:  3    Str: 16    XL:     5   Next: 91%
Magic:  2/12       EV:  9    Int: 17    God:
Gold:   81         SH:  0    Dex: 11    Spells: 3 memorised, 4 levels left

rFire  . . .     SeeInvis .     g - 23 stones
rCold  . . .     Gourm    .     e - +0 robe
rNeg   . . .     Faith    .     (no shield)
rPois  .         Spirit   .     (helmet restricted)
rElec  .         Dismiss  .     (no cloak)
rCorr  .         Reflect  .     (gloves unavailable)
SustAt .         Harm     .     (boots unavailable)
MR     .....                    (no amulet)
Stlth  +.........               (no ring)
                                u - +6 ring of intelligence

@: lethally poisoned (0 -> -10), not resistant to hostile enchantments, very
unstealthy
A: unfitting armour, robust 2, tough skin 1, sturdy frame 1
a: no special abilities


You were on level 3 of the Dungeon.
You were not hungry.

You visited 1 branch of the dungeon, and saw 3 of its levels.

You collected 81 gold pieces.

Inventory:

Hand Weapons
 b - a +0 spear
 d - a +0 blowgun
 i - a -2 whip
 l - a +0 vampiric short sword
 q - a +1 dagger of freezing
Missiles
 c - 11 poisoned needles
 g - 23 stones (in hand)
 m - 13 sling bullets
 n - a large rock (quivered)
 p - 11 steel sling bullets
Armour
 e - a +0 robe (worn)
Jewellery
 u - a +6 ring of intelligence (left hand)
Wands
 o - a wand of teleportation (0/9)
Scrolls
 h - 2 scrolls of identify
 t - a scroll of enchant weapon
Books
 a - a book of Geomancy

   Spells                             Type                      Level
   a - Sandblast                      Earth                        1
   b - Passwall                       Transmutation/Earth          2
   c - Stone Arrow                    Conjuration/Earth            3
   d - Petrify                        Transmutation/Earth          4
   e - Lee's Rapid Deconstruction     Earth                        5
Comestibles
 f - 2 bread rations
 k - 2 meat rations
 s - 4 chunks of flesh


   Skills:
 - Level 2.6 Fighting
 - Level 1.0 Throwing
 - Level 1.0 Dodging
 - Level 4.8 Spellcasting
 + Level 4.3 Earth Magic
 - Level 1.0 Evocations


You had 4 spell levels left.
You knew the following spells:

 Your Spells              Type           Power        Failure   Level  Hunger
a - Sandblast             Erth           ###...       2%          1    None
b - Stone Arrow           Conj/Erth      ##....       21%         3    ###....
c - Lee's Rapid Deconstr  Erth           ###.......   71%         5    ######.


Dungeon Overview and Level Annotations

Branches:
Dungeon (3/15)

Altars:
Cheibriados
Nemelex Xobeh
Ru
Sif Muna
Vehumet

Annotations:
D:3 M4edhros's ghost, amateur OgWn


Innate Abilities, Weirdness & Mutations

You are too large for most types of armour.
You have tough skin (AC +1).
You are very robust (+20% HP).
Your movements are slightly less encumbered by armour (ER -2).


Message History

* * * LOW HITPOINT WARNING * * *
You feel sick.
M4edhros's ghost points at you and mumbles some strange words.
The sting hits you!
You are more poisoned.
You aren't carrying any potions.
Sorry, you're not good enough to have a special ability.
Evoke which item? (* to show all) (? for menu, Esc to quit)
Zapping:
o - a wand of teleportation {zapped: 2} (will waste charges)
Press: ? - help, Shift-Dir - straight line, f - you, p - M4edhros's ghost You feel strangely unstable.
Evoking this partially-identified wand wasted a few charges.
* * * LOW HITPOINT WARNING * * *
You feel sick.
* * * LOW HITPOINT WARNING * * *
You feel sick.
* * * LOW HITPOINT WARNING * * *
You feel sick.
Your surroundings suddenly seem different.
You die...

## ###+# #. ...# #.
###.#######
######.###.....<...#
.......@......####.#
######.###......##.#
#.####........#
#.......##.########
#######.##.........
#.########### #.#
#.## #..##


There were no monsters in sight!

Vanquished Creatures
  Terence (D:2)
  Natasha (thrice) (D:2)
  Robin (D:2)
  5 adders
  A dart slug (D:2)
  2 giant geckos
  A ball python (D:1)
  4 giant cockroaches
  9 goblins
  11 hobgoblins
  4 kobolds
  5 bats
  3 giant newts (D:1)
  4 rats
54 creatures vanquished.

Notes
Turn   | Place    | Note
--------------------------------------------------------------
     0 | D:1      | M4edhros the Ogre Wanderer began the quest for the Orb.
     0 | D:1      | M4edhros set off with: a book of Geomancy, a +0 spear, 14 poisoned needles, a +0 blowgun, a +0 robe, a bread ration
     0 | D:1      | Reached XP level 1. HP: 22/22 MP: 6/6
     2 | D:1      | Learned a level 1 spell: Sandblast
   264 | D:1      | Reached XP level 2. HP: 29/29 MP: 3/7
   926 | D:2      | Noticed Robin
   941 | D:2      | Reached XP level 3. HP: 21/36 MP: 1/9
  1179 | D:2      | Learned a level 3 spell: Stone Arrow
  1267 | D:2      | Noticed Natasha
  1278 | D:2      | Killed Natasha
  1278 | D:2      | Reached XP level 4. HP: 4/44 MP: 3/10
  1677 | D:2      | Killed Robin
  1765 | D:2      | Found a snail-covered altar of Cheibriados.
  1789 | D:2      | Found a radiant altar of Vehumet.
  2106 | D:2      | Reached XP level 5. HP: 46/50 MP: 12/12
  2196 | D:2      | Found a deep blue altar of Sif Muna.
  2477 | D:2      | Noticed Terence
  2490 | D:2      | Killed Terence
  2522 | D:2      | Learned a level 5 spell: Lee's Rapid Deconstruction
  2526 | D:2      | Noticed Natasha
  2544 | D:2      | Killed Natasha
  2548 | D:2      | Found a sacrificial altar of Ru.
  2882 | D:3      | Noticed M4edhros's ghost (amateur OgWn)
  2929 | D:2      | Noticed Natasha
  2931 | D:2      | Killed Natasha
  3160 | D:3      | Found a sparkling altar of Nemelex Xobeh.
  3243 | D:3      | Gained mutation: Your movements are slightly less encumbered by armour (ER -2). [potion of mutation]
  3243 | D:3      | Gained mutation: You are robust (+10% HP). [potion of mutation]
  3243 | D:3      | Gained mutation: You are very robust (+20% HP). [potion of mutation]
  3246 | D:3      | HP: 3/60 [poisoned by M4edhros's ghost (sting)]
  3248 | D:3      | Succumbed to M4edhros's ghost's sting

Vault maps used:
D:1:      dpeg_arrival_water_temple_mockup
D:2:      lemuel_blue_sif_altar, kennysheep_slug_shrine,
          nicolae_ru_the_path_less_chosen, lemuel_round_altar, uniq_terence,
          uniq_natasha, uniq_robin
D:3:      nicolae_overflow_crystal_walls, minmay_misc_feat_five

Skill      XL: |  1  2  3  4  5 |
---------------+----------------+-----
Earth Magic    | 2 3 4 |  4.3
Fighting       | |  2.6
Throwing       | |  1.0
Dodging        | |  1.0
Spellcasting   | |  4.8
Evocations     | |  1.0

Action                   |  1- 3 |  4- 6 || total
-------------------------+-------+-------++-------
Melee: Whip              |     9 |       ||     9
       Spear             |    37 |    18 ||    55
       Dagger            |       |    28 ||    28
       Blowgun           |       |     1 ||     1
 Fire: Blowgun           |     7 |    21 ||    28
Throw: Large rock        |     2 |       ||     2
 Cast: Sandblast         |    26 |    45 ||    71
Evoke: Club              |       |     1 ||     1
  Use: Potion            |     7 |     2 ||     9
       Scroll            |     2 |     1 ||     3
  Eat: Chunk             |     1 |     6 ||     7
Armor: Robe              |    20 |    23 ||    43
Dodge: Dodged            |    35 |    42 ||    77
